 Dungeon Crawl Stone Soup version 0.18-b1-2-gd0c887e (webtiles) character file.

4032 Pepeogr the Covered (level 10, -3/75 (76) HPs)
             Began as a Demonspawn Abyssal Knight on Apr 28, 2016.
             Was an Elder of Lugonu.
             Slain by a hill giant
             ... wielding a +0 giant club
              (24 damage)
             ... on level 10 of the Dungeon.
             The game lasted 01:05:05 (6757 turns).

Pepeogr the Covered (Demonspawn Abyssal Knight)     Turns: 6757, Time: 01:05:06

HP:   -3/75 (76)    AC: 18    Str: 15    XL:     10   Next: 4%
MP:   12/12         EV:  9    Int: 15    God:    Lugonu [****..]
Gold: 375           SH:  7    Dex: 12    Spells: 0 memorised, 9 levels left

rFire  . . .     SeeInvis .     x - +4 whip (venom)
rCold  . . .     Gourm    .     G - +0 plate armour
rNeg   . . .     Faith    .     u - +0 buckler
rPois  .         Spirit   .     J - +0 helmet
rElec  .         Dismiss  .     (no cloak)
rCorr  .         Reflect  +     (no gloves)
SustAt .         Harm     .     g - +0 pair of boots
MR     +....                    o - +2 amulet of reflection
Stlth  ..........               p - ring of protection from magic
                                l - +3 ring of evasion

@: somewhat resistant to hostile enchantments, extremely unstealthy
A: claws 1, yellow scales 1, nightstalker 1, spiny 3
a: Depart the Abyss, Bend Space, Banish, Corrupt, Renounce Religion


You were on level 10 of the Dungeon.
You worshipped Lugonu.
Lugonu was greatly pleased with you.
You were not hungry.

You visited 2 branches of the dungeon, and saw 11 of its levels.
You visited the Abyss 1 time.

You collected 375 gold pieces.

Inventory:

Hand Weapons
 a - a +1 falchion
 m - a +0 war axe
 x - a +4 whip of venom (weapon)
 I - a +0 battleaxe
Missiles
 e - 91 arrows (quivered)
 i - a throwing net
Armour
 b - a +0 leather armour
 d - a +0 naga barding
 g - a +0 pair of boots (worn)
 h - a +0 robe
 r - a +1 scale mail
 u - a +0 buckler (worn)
 G - a +0 plate armour (worn)
 J - a +0 helmet (worn)
Jewellery
 c - a +3 ring of evasion
 l - a +3 ring of evasion (left claw)
 o - a +2 amulet of reflection (around neck)
 p - a ring of protection from magic (right claw)
 C - an uncursed ring of ice
 D - a -3 ring of protection
Wands
 L - a wand of iceblast (4/15)
Scrolls
 f - 6 scrolls of identify
 k - a scroll of noise {unknown}
 n - 5 scrolls of remove curse
 q - a scroll of enchant weapon
 t - a scroll of immolation
 w - a scroll of teleportation
 y - a scroll of torment {unknown}
 E - a scroll of brand weapon {unknown}
 H - a scroll of blinking {unknown}
Potions
 s - a potion of curing
 v - 4 potions of brilliance
 F - 2 potions of flight
 K - a potion of agility
Comestibles
 j - 4 meat rations
 z - 4 fruits
 A - a beef jerky
 B - 3 bread rations
 M - a royal jelly


   Skills:
 + Level 6.1 Fighting
 + Level 3.1 Long Blades
 + Level 2.9 Maces & Flails
 * Level 7.4 Armour
 + Level 5.6 Dodging
 + Level 2.1 Stealth
 * Level 6.4 Shields
 + Level 3.0 Invocations


You had 9 spell levels left.
You didn't know any spells.

Dungeon Overview and Level Annotations

Branches:
Dungeon (10/15)            Temple (1/1) D:4            Lair (0/8) D:10
    Orc: D:9-12

Altars:
Ashenzari
Cheibriados
Dithmenos
Fedhas
Gozag
Kikubaaqudgha
Makhleb
Nemelex Xobeh
Okawaru
Pakellas
Qazlal
Ru
Sif Muna
Trog
Vehumet
Xom
Yredelemnul


Innate Abilities, Weirdness & Mutations

You have sharp fingernails.
You are partially covered in yellow scales (AC +2).
You are slightly more attuned to the shadows.
You are completely covered in sharp spines.


Message History

You whack the shadow imp!
You kill the shadow imp!
Lugonu accepts your kill.
Found a stone staircase leading down.
There is a stone staircase leading down here.
A hill giant comes into view. It is wielding a giant club.
The hill giant shouts!
A wyvern comes into view.
You block the hill giant's attack.
You hit the hill giant.
The hill giant is poisoned.
The hill giant is lightly wounded.
The hill giant is struck by your spines.
The hill giant hits you with a giant club!!
You block the hill giant's attack.
The hill giant hits you with a giant club!!
A howler monkey zombie comes into view.
The hill giant hits you with a giant club!
* * * LOW HITPOINT WARNING * * *
The hill giant hits you with a giant club!!
You die...

PPP.P...#...#
..PP.P..#...#
PP.PP.P.....#
.PP..P......#
P.PP.PPP....# ##
P>PPP....##.# #.#
.PPP..P.P##.# ##.#
PP.).PP.....###.### ##
.P.PPPP..#...>..@.##.#
P).PPP...##.###.#C#.#
PP.PP....##.# ##.Z.###
.P()..)..#..# #.....#
PPPP..).##.## #...#.#
...P..#.##.### #####.#
..P..P.......#
####.####
.....###.....#
#.......# ####.#
#.....# #.##.##.#


You could see a hill giant and a howler monkey zombie.

Vanquished Creatures
  A centaur zombie (D:9)
  6 yaks (D:9)
  A hungry ghost (D:10)
  A hippogriff (D:9)
  2 sky beasts
  An orc warrior (D:10)
  A necrophage (D:10)
  2 ice beasts
  A phantom (D:10)
  2 centaurs
  A big kobold (D:10)
  7 giant frogs
  A water moccasin zombie (D:10)
  A gnoll sergeant (D:7)
  A wyvern skeleton (D:8)
  A scorpion (D:5)
  4 wights (D:9)
  3 crimson imps
  A giant frog zombie (D:9)
  A hound (D:8)
  A jelly (D:5)
  A quasit (D:5)
  An orc priest (D:10)
  A centaur skeleton (D:7)
  4 orc wizards
  Jessica (D:2)
  3 iguanas
  6 worker ants
  A killer bee zombie (D:8)
  Robin (D:2)
  A howler monkey skeleton (D:8)
  5 gnolls
  5 adders
  3 shadow imps
  2 oozes (D:1)
  An adder skeleton (D:7)
  A worm (D:2)
  A giant gecko (D:5)
  19 orcs
  4 giant cockroaches
  11 goblins
  10 hobgoblins
  9 kobolds
  A quokka (D:5)
  2 ball pythons
  13 bats
  4 giant newts
  A jackal zombie (D:6)
  8 rats
  3 plants (D:10)
163 creatures vanquished.

Vanquished Creatures (others)
  2 fungi (D:10)
  3 plants
5 creatures vanquished.

Grand Total: 168 creatures vanquished

Notes
Turn   | Place    | Note
--------------------------------------------------------------
     0 | Abyss:1  | Pepeogr the Demonspawn Abyssal Knight began the quest for the Orb.
     0 | Abyss:1  | Reached XP level 1. HP: 18/18 MP: 2/2
    61 | D:1      | Escaped the Abyss
   192 | D:1      | Gained mutation: You are partially covered in sharp spines. [demonic ancestry]
   192 | D:1      | Reached XP level 2. HP: 22/24 MP: 3/3
   483 | D:2      | Reached skill level 2 in Armour
   483 | D:2      | Reached skill level 1 in Dodging
   829 | D:2      | Noticed Jessica
   833 | D:2      | Killed Jessica
   833 | D:2      | Gained mutation: You have sharp fingernails. [demonic ancestry]
   833 | D:2      | Reached XP level 3. HP: 8/30 MP: 4/4
  1292 | D:2      | Noticed Robin
  1299 | D:2      | Killed Robin
  1299 | D:2      | Gained mutation: You are mostly covered in sharp spines. [demonic ancestry]
  1299 | D:2      | Reached XP level 4. HP: 32/37 MP: 5/5
  1302 | D:2      | Reached ** piety under Lugonu
  2249 | D:2      | You fall through a shaft for 2 floors!
  2572 | D:3      | Found a sacrificial altar of Ru.
  2706 | D:4      | Found a staircase to the Ecumenical Temple.
  2716 | Temple   | Entered the Ecumenical Temple
  3129 | D:4      | Reached XP level 5. HP: 28/42 MP: 7/7
  3341 | D:5      | Entered Level 5 of the Dungeon
  3355 | D:5      | Noticed a sky beast
  3374 | D:5      | Killed a sky beast
  3374 | D:5      | Reached skill level 3 in Armour
  3374 | D:5      | Reached skill level 1 in Shields
  3374 | D:5      | Gained mutation: You are completely covered in sharp spines. [demonic ancestry]
  3374 | D:5      | Reached XP level 6. HP: 30/49 MP: 8/8
  3526 | D:5      | Noticed an ice beast
  3542 | D:5      | Killed an ice beast
  3542 | D:5      | Reached skill level 1 in Stealth
  3577 | D:5      | Gained mutation: You are partially covered in yellow scales (AC +2). [demonic ancestry]
  3577 | D:5      | Reached XP level 7. HP: 44/55 MP: 9/9
  3592 | D:5      | Found a sparkling altar of Nemelex Xobeh.
  3699 | D:5      | Found a basalt altar of Yredelemnul.
  3699 | D:5      | Found a bloodstained altar of Trog.
  3699 | D:5      | Found a blossoming altar of Fedhas.
  3699 | D:5      | Found a burning altar of Makhleb.
  3703 | D:5      | Found a shattered altar of Ashenzari.
  3717 | D:5      | Found a snail-covered altar of Cheibriados.
  3988 | D:6      | Reached skill level 4 in Armour
  4096 | D:6      | Reached skill level 5 in Fighting
  4101 | D:6      | Reached *** piety under Lugonu
  4924 | D:7      | Gained mutation: You are slightly more attuned to the shadows. [demonic ancestry]
  4924 | D:7      | Reached XP level 8. HP: 48/62 MP: 10/10
  5060 | D:8      | Reached skill level 5 in Armour
  5092 | D:8      | Noticed an air elemental
  5094 | D:8      | Found a stormy altar of Qazlal.
  5285 | D:8      | Reached skill level 1 in Maces & Flails
  5492 | D:9      | Reached skill level 6 in Armour
  5739 | D:9      | Reached **** piety under Lugonu
  5739 | D:9      | Reached XP level 9. HP: 54/69 MP: 11/11
  5745 | D:9      | Reached skill level 5 in Shields
  5986 | D:9      | Reached skill level 5 in Dodging
  6015 | D:9      | Reached skill level 7 in Armour
  6118 | D:10     | Entered Level 10 of the Dungeon
  6182 | D:10     | Found a staircase to the Lair.
  6443 | D:10     | Reached XP level 10. HP: 76/76 MP: 12/12
  6742 | D:10     | Noticed a hill giant
  6757 | D:10     | Slain by a hill giant

Skill      XL: |  1  2  3  4  5  6  7  8  9 |
---------------+----------------------------+-----
Armour         | 2 3 4 6 7 |  7.4
Dodging        | 1 2 3 4 5 |  5.6
Long Blades    | 2 3 |  3.1
Fighting       | 4 5 6 |  6.1
Shields        | 1 2 3 4 6 |  6.4
Stealth        | 1 2 |  2.1
Invocations    | 3 |  3.0
Maces & Flails | 1 2 |  2.9

Action                   |  1- 3 |  4- 6 |  7- 9 | 10-12 || total
-------------------------+-------+-------+-------+-------++-------
Melee: Falchion          |    53 |    77 |       |       ||   130
       Whip              |       |     9 |   289 |    12 ||   310
Invok: Bend Space        |       |     1 |       |       ||     1
  Use: Potion            |     3 |     1 |    10 |       ||    14
       Scroll            |       |       |    13 |       ||    13
  Eat: Bread ration      |     1 |     1 |       |       ||     2
       Fruit             |       |       |     6 |     1 ||     7
       Pizza             |       |       |     1 |       ||     1
       Meat ration       |       |       |     1 |       ||     1
Armor: Leather armour    |    11 |     3 |       |       ||    14
       Scale mail        |       |     8 |    36 |       ||    44
       Plate armour      |       |       |    39 |     5 ||    44
Dodge: Dodged            |    38 |    38 |   114 |     3 ||   193
Block: Other             |     2 |     1 |       |       ||     3
       Reflection        |     1 |     2 |     4 |       ||     7
       Buckler           |       |     9 |    92 |     2 ||   103
